 Dungeon Crawl Stone Soup version 0.30-a0-571-gdf30a72648 (webtiles) character file.

Game seed: 14619636259071173789

585 Newt the Shooter (level 7, -5/48 HPs)
             Began as a Demonspawn Gladiator on Dec 29, 2022.
             Was a Follower of Hepliaklqana.
             Slain by an ice beast (7 damage)
             ... on level 5 of the Dungeon.
             The game lasted 00:05:35 (3627 turns).

Newt the Shooter (Demonspawn Gladiator)             Turns: 3627, Time: 00:05:36

Health: -5/48      AC:  4    Str: 16    XL:     7   Next: 14%
Magic:  7/7        EV: 13    Int:  9    God:    Hepliaklqana [*.....]
Gold:   201        SH:  0    Dex: 15    Spells: 6/6 levels left

rFire   . . .      SeeInvis .    b - +2 sling (heavy)
rCold   . . .      Faith    .    (no shield)
rNeg    . . .      Spirit   .    q - +1 robe "Vieholol" {Harm rPois Will- Regen+}
rPois   +          Reflect  .    (helmet restricted)
rElec   .          Harm     +    (no cloak)
rCorr   .          Rampage  .    (no gloves)
Will    .....                    g - +0 pair of boots
Stlth   ++                       (no amulet)
HPRegen 1.08/turn                y - ring of poison resistance
MPRegen 0.10/turn                (no ring)

@: no status effects
A: reduced essence, antennae 1, hooves 2, ignite blood 2, demonic touch 1
a: Renounce Religion, Recall Ancestor, Ancestor Identity


You were on level 5 of the Dungeon.
You worshipped Hepliaklqana.
Hepliaklqana was aware of your devotion.
You visited 2 branches of the dungeon, and saw 6 of its levels.

You collected 201 gold pieces.

Inventory:

Hand Weapons
 a - a +0 vampiric morningstar
 b - a +2 heavy sling (weapon)
 s - a +0 rapier
 w - a +0 sling
Missiles
 d - 2 throwing nets
 e - a javelin
 i - 2 poisoned darts
Armour
 c - a +0 helmet
 g - a +0 pair of boots (worn)
 m - a +1 leather armour of cold resistance
 p - the +5 ring mail of Perfidy {Str+4}
   (You found it on level 5 of the Dungeon)

   Str:       It affects your strength (+4).
 q - the +1 robe "Vieholol" (worn) {Harm rPois Will- Regen+}
   (You found it on level 2 of the Dungeon)

   rPois:     It protects you from poison.
   Regen:     It increases your rate of health regeneration.
   Harm:      It increases damage dealt and taken.
   Will:      It decreases your willpower.
 r - a +0 leather armour
Jewellery
 y - a ring of poison resistance (left hand)
Wands
 v - a wand of iceblast (5)
Scrolls
 j - 2 scrolls of blinking
 u - a scroll of fog
 x - a scroll of magic mapping
Potions
 f - a potion of resistance
 h - a potion of might
 k - 5 potions of curing
 l - a potion of attraction
 n - a potion of magic
 o - a potion of invisibility {unknown}
 t - a potion of cancellation {unknown}


   Skills:
 - Level 4.0 Fighting
 - Level 2.6 Short Blades
 + Level 4.3 Ranged Weapons
 - Level 1.7 Throwing
 - Level 4.0 Dodging
 - Level 3.0 Stealth


You had 6 spell levels left.
You didn't know any spells.
Your spell library contained the following spells:

 Spells                   Type           Power      Damage    Failure   Level
 Sting                    Tmut/Pois      0%         1d3       38%         1
 Passwall                 Tmut/Erth      0%         N/A       52%         2
 Poisonous Vapours        Pois/Air       0%         N/A       52%         2
 Olgreb's Toxic Radiance  Pois           0%         N/A       99%         4
 Alistair's Intoxication  Tmut/Pois      0%         N/A       100%        5
 Blade Hands              Tmut           0%         N/A       100%        5
 Ignition                 Fire           0%         3d3       100%        8


Dungeon Overview and Level Annotations

Branches:
Dungeon (5/15)             Temple (1/1) D:4

Altars:
Ashenzari
Cheibriados
Hepliaklqana
Kikubaaqudgha
Nemelex Xobeh
Okawaru
Qazlal
Vehumet
Wu Jian
Yredelemnul


Innate Abilities, Weirdness & Mutations

Your life essence is reduced to manifest your ancestor. (-10% HP)
You have a pair of small antennae on your head.
You have hoof-like feet.
Your demonic aura often causes spilled blood to erupt in flames.
Your touch may inflict minor irresistible damage on your foes.


Message History

You feel sick.
The gnoll is no longer moving quickly.
The ice beast struggles against the net. x2
Fire: b) +2 sling (heavy)
Press: ? - help, Q - select action, (/) - cycle Shift-Dir - straight line, f/p - gnoll
Aim: a gnoll, wielding a +0 halberd of venom (66% to hit)
You shoot a sling bullet.
The sling bullet hits the ice beast but does no damage.
The ice beast is severely wounded.
You feel sick.
The ice beast struggles against the net.
The net rips apart, and the ice beast comes free!
The gnoll bouda barks out a call to the hunt!
The gnoll picks up the pace!
Fire: b) +2 sling (heavy)
Press: ? - help, Q - select action, (/) - cycle Shift-Dir - straight line, f/p - gnoll
Aim: a gnoll, wielding a +0 halberd of venom (covering ground quickly, 66% to hit)
You shoot a sling bullet.
The sling bullet closely misses the ice beast.
The sling bullet hits the gnoll.
The gnoll is lightly wounded.
You feel sick.
You are no longer poisoned.
The ice beast hits you but does no damage.
The gnoll bouda calls upon its god to heal the gnoll.
The gnoll's wounds heal themselves!
The gnoll closely misses you. The ice beast hits you.
The ice beast freezes you!
* * * LOW HITPOINT WARNING * * *
Fire: b) +2 sling (heavy)
Press: ? - help, Q - select action, (/) - cycle Shift-Dir - straight line, f/p - gnoll
Aim: a gnoll, wielding a +0 halberd of venom (covering ground quickly, 66% to hit)
You shoot a sling bullet.
The sling bullet closely misses the ice beast.
The sling bullet hits the gnoll.
The gnoll is lightly wounded.
The gnoll hits you from afar with a +0 halberd of venom!
* * * LOW HITPOINT WARNING * * *
The ice beast hits you.
* * * LOW HITPOINT WARNING * * *
The ice beast freezes you.
You die...

#...[...#####.......#####.#.....#
#+#...#'#{#...).......#.#+##.....
..#####loo##.....[...##...###....
....#..l...+ ....... +......#....
....#......## ..... ##......#...#
....#.......# .g) #.......#...#
....'.......####g####.......'....
....#.......#...Y...#.......#....
....#......##...@...##......###..
....#......+.........+......#.R.#
..#####...##.........##...###.###
#'#...#+#.#...........#.#'# ###
#.......#####.......#####.##
.)........#.#'#...#+# ##...##
)........##...#####.###.....#
.........+..#.##..........###
#.......#####..........####


You could see an ice beast, a gnoll bouda and a gnoll (swift).

Vanquished Creatures
  Eustachio (D:4)
  A scorpion (D:4)
  A hound (D:5)
  2 jellies
  An orc priest (D:4)
  An orc wizard (D:3)
  5 adders
  10 gnolls
  3 worms
  A dart slug (D:1)
  7 orcs
  3 bats
  6 endoplasms
  3 giant cockroaches
  8 goblins
  7 hobgoblins
  11 jackals
  A quokka (D:3)
  4 ball pythons
  4 frilled lizards
  9 kobolds
  6 rats
95 creatures vanquished.

Vanquished Creatures (others)
  An ancestor (D:5)
1 creature vanquished.

Grand Total: 96 creatures vanquished

Notes
Turn   | Place    | Note
-------+----------+-------------------------------------------
     0 | D:1      | Newt the Demonspawn Gladiator began the quest for the Orb.
     0 | D:1      | Reached XP level 1. HP: 16/16 MP: 1/1
    48 | D:1      | Reached skill level 1 in Stealth
    95 | D:1      | Gained mutation: Your demonic aura sometimes causes spilled
                  | blood to erupt in flames. [demonic ancestry]
    95 | D:1      | Reached XP level 2. HP: 14/22 MP: 2/2
   859 | D:2      | Gained mutation: Your demonic aura often causes spilled
                  | blood to erupt in flames. [demonic ancestry]
   859 | D:2      | Reached XP level 3. HP: 27/27 MP: 3/3
  1030 | D:2      | Identified the +1 robe "Vieholol" {Harm rPois Will- Regen+}
  1452 | D:3      | Discovered your monstrous ancestry.
  1452 | D:3      | Gained mutation: Your touch may inflict minor irresistible
                  | damage on your foes. [demonic ancestry]
  1452 | D:3      | Reached XP level 4. HP: 19/33 MP: 4/4
  1771 | D:3      | Gained mutation: You have large cloven feet. [demonic
                  | ancestry]
  1771 | D:3      | Reached XP level 5. HP: 39/39 MP: 5/5
  2280 | D:4      | Noticed Eustachio
  2282 | D:4      | Killed Eustachio
  2283 | D:4      | Gained mutation: You have a pair of small antennae on your
                  | head. [demonic ancestry]
  2283 | D:4      | Reached XP level 6. HP: 48/48 MP: 6/6
  2496 | D:4      | Found a staircase to the Ecumenical Temple.
  2545 | Temple   | Entered the Ecumenical Temple
  2595 | Temple   | Became a worshipper of Hepliaklqana the Forgotten
  3407 | D:5      | Entered Level 5 of the Dungeon
  3428 | D:5      | Gained mutation: You have hoof-like feet. [demonic
                  | ancestry]
  3428 | D:5      | Reached XP level 7. HP: 54/54 MP: 7/7
  3440 | D:5      | Got the Vademecum on Transmuted Kindling
  3462 | D:5      | Reached * piety under Hepliaklqana
  3556 | D:5      | Identified the +5 ring mail of Perfidy {Str+4}
  3627 | D:5      | HP: 2/48 [ice beast (1)]
  3627 | D:5      | Slain by an ice beast

Illustrated notes

Levels and vault maps discovered:
D:1:      moated_graveyard_arrival, layout_basic, dk_noncrumbling_4
D:2:      layout_basic
D:3:      layout_loops_cross, minmay_checkerbox
D:4:      layout_gridville, minmay_temple_entry_arrows, grunt_tough_drop,
          uniq_eustachio
D:5:      nicolae_cairo_tiling_very_big, layout_cave_pools,
          makhleb_blood_cavern_becter, kennysheep_generic_room_4
Temple:   nicolae_temple_bog_church

Skill      XL: |  1  2  3  4  5  6  7 |
---------------+----------------------+-----
Stealth        | 1 2 3 |  3.0
Dodging        | 3 4 |  4.0
Fighting       | 4 |  4.0
Ranged Weapons | 2 3 4 |  4.3
Short Blades   | |  2.6
Throwing       | |  1.7

Action                   |  1- 3 |  4- 6 |  7- 9 || total
-------------------------+-------+-------+-------++-------
Melee: Rapier            |   118 |    27 |       ||   145
       Morningstar       |       |    36 |       ||    36
       Touch             |       |    11 |       ||    11
       Punch             |       |     1 |       ||     1
 Fire: Sling             |       |   105 |    16 ||   121
Throw: Throwing net      |       |       |     1 ||     1
  Use: Scroll            |     6 |     5 |     2 ||    13
       Potion            |       |       |     1 ||     1
 Stab: Sleeping          |     3 |     1 |       ||     4
Armor: Leather armour    |    27 |       |       ||    27
       Robe              |     5 |    38 |     2 ||    45
Dodge: Dodged            |    68 |   132 |     9 ||   209

Table legend: (Time is in decaauts)
 A = Elapsed time spent in this place.
 B = Non-inter-level travel time spent in this place.
 C = Inter-level travel time spent in this place.
 D = Time resting spent in this place.
 E = Time spent auto-exploring this place.
 F = Levels seen in this place.
 G = Mean time per level.
                   A        B        C        D        E       F      G
               +--------+--------+--------+--------+--------+-----+--------+
         Total |   3749 |   3637 |    112 |    376 |   2453 |   6 |  624.8 |
       Dungeon |   3678 |   3583 |     95 |    376 |   2418 |   5 |  735.6 |
        Temple |     71 |     55 |     16 |      0 |     35 |   1 |   71.0 |
               +--------+--------+--------+--------+--------+-----+--------+

Top non-repeatable levels by time:
     D:4: 1146 daAuts
     D:3: 903 daAuts
     D:2: 766 daAuts
     D:1: 621 daAuts
     D:5: 240 daAuts
  Temple: 71 daAuts
